[Event "Titled Tuesday Blitz July 6 2021"]
[White "Quintiliano Pinto, Renato R."]
[Black "Hamley, Ryan"]
[WhiteFideId "2117568"]
[BlackFideId "30959497"]
[WhiteElo "2439"]
[BlackElo "2454"]
[Result "1-0"]
[Round "05"]
[TimeControl "180+1"]
[Date "2021.07.06"]
[WhiteClock "0:00:20"]
[BlackClock "0:00:02"]

1. e4 c5 2. Nf3 d6 3. d4 cxd4 4. Qxd4 Bd7 5. Be2 Nc6 6. Qe3 g6 7. O-O Bg7 8. c4 Nf6 9. h3 O-O 10. Nc3 Rc8 11. Rd1 a6 12. Bd2 h6 13. Rac1 Be6 14. b3 Kh7 15. Nd5 Nd7 16. Bc3 Nde5 17. Nxe5 Bxe5 18. f4 Bxc3 19. Nxc3 f5 20. exf5 Bxf5 21. Kh1 Bd7 22. Bd3 Bf5 23. Be2 Qa5 24. Rd2 Rf7 25. Re1 Rcf8 26. Bf3 Bd7 27. Ne2 Nb4 28. Qc3 Nc6 29. Qxa5 Nxa5 30. Bd5 Rf6 31. Nd4 Re8 32. Rde2 e5 33. fxe5 dxe5 34. Rxe5 Rxe5 35. Rxe5 Bc6 36. Re7+ Kh8 37. Kg1 Rd6 38. Re6 Rxe6 39. Nxe6 Kh7 40. Kf2 Bxd5 41. cxd5 Kg8 42. d6 Kf7 43. d7 Nc6 44. d8=Q Kxe6 45. Qg8+ 1-0


[Site "https://www.chess.com"]

[Event "Titled Tuesday Blitz July 6 2021"]
[White "Quparadze, Giga"]
[Black "Kotsur, Pavel"]
[WhiteFideId "13602250"]
[BlackFideId "13700278"]
[WhiteElo "2658"]
[BlackElo "2521"]
[Result "1-0"]
[Round "05"]
[TimeControl "180+1"]
[Date "2021.07.06"]
[WhiteClock "0:02:19"]
[BlackClock "0:00:48"]

1. e4 c5 2. Ne2 Nf6 3. Nbc3 d5 4. exd5 Nxd5 5. Nxd5 Qxd5 6. Nc3 Qd7 7. Bb5 Nc6 8. Qf3 e6 9. O-O Be7 10. d3 O-O 11. Bxc6 bxc6 12. b3 Bf6 13. Bb2 Rb8 14. Na4 Bxb2 15. Nxb2 Rb4 16. Na4 e5 17. Nxc5 Qe7 18. Na4 Bb7 19. c4 Bc8 20. Qxc6 Rb8 21. Qc5 Qg5 22. f4 Qg6 23. fxe5 Bb7 24. Qf2 Qxd3 25. Nc5 Qg6 26. Nd7 h5 27. Nxb8 Rxb8 28. e6 Qxe6 29. Rae1 Qg6 30. Re7 Rf8 31. Rxb7 1-0


[Site "https://www.chess.com"]

[Event "Titled Tuesday Blitz July 6 2021"]
[White "Roman, Rodrigo"]
[Black "Khanin, Semen"]
[WhiteFideId "3701220"]
[BlackFideId "4111990"]
[WhiteElo "2043"]
[BlackElo "2521"]
[Result "0-1"]
[Round "05"]
[TimeControl "180+1"]
[Date "2021.07.06"]
[WhiteClock "0:00:06"]
[BlackClock "0:01:04"]

1. c4 Nf6 2. Nc3 e6 3. e4 d5 4. e5 d4 5. exf6 dxc3 6. bxc3 Qxf6 7. d4 Nc6 8. Nf3 e5 9. Bd3 Bd6 10. Bg5 Qe6 11. d5 Qg4 12. dxc6 e4 13. Qe2 O-O 14. Bxe4 Re8 15. Bxh7+ Kf8 16. Be3 Qxg2 17. Rg1 Qh3 18. Ng5 Qxh2 19. O-O-O Rxe3 20. Qxe3 Bf5 21. Bxf5 Bf4 22. cxb7 Bxe3+ 23. fxe3 Rb8 24. Bc8 Qxa2 25. Rd8+ Ke7 26. Rd7+ Ke8 27. Rgd1 Qa3+ 28. Kc2 Qa2+ 29. Kc1 Qa3+ 30. Kc2 Qa4+ 31. Kd3 Rxb7 32. Ke2 Qxc4+ 33. Kf2 Rb2+ 34. R1d2 Rxd2+ 35. Rxd2 Qxc3 36. Bd7+ Ke7 37. Ke2 a5 38. Nf3 a4 39. Bf5 a3 40. Rd7+ Kf6 41. Nd4 a2 0-1


[Site "https://www.chess.com"]

[Event "Titled Tuesday Blitz July 6 2021"]
[White "Rostovtsev, Dmitry"]
[Black "Torkkola, Henri"]
[WhiteFideId "34278320"]
[BlackFideId "507660"]
[WhiteElo "2114"]
[BlackElo "2137"]
[Result "1-0"]
[Round "05"]
[TimeControl "180+1"]
[Date "2021.07.06"]
[WhiteClock "0:00:24"]
[BlackClock "0:00:02"]

1. e4 d6 2. d4 Nf6 3. Nc3 e5 4. Nf3 Nbd7 5. Bc4 Be7 6. O-O O-O 7. a4 c6 8. a5 Rb8 9. a6 b5 10. Bd3 exd4 11. Nxd4 Qc7 12. Nf5 Re8 13. Bf4 Bf8 14. Be2 Ne5 15. Bg5 Bxf5 16. exf5 Nfd7 17. Ne4 d5 18. Ng3 f6 19. Bf4 Bd6 20. Be3 Nc4 21. Bc1 Re7 22. b3 Nce5 23. Be3 Rbe8 24. Rc1 Qc8 25. c4 bxc4 26. bxc4 Qa8 27. Qd2 Bc5 28. cxd5 Bxe3 29. fxe3 cxd5 30. Rfd1 Nb6 31. Nf1 Nec4 32. Bxc4 dxc4 33. Qd4 Rxe3 34. Nxe3 Re4 35. Qd8+ Qxd8 36. Rxd8+ Kf7 37. Nd5 Rd4 38. Nxb6 Rxd8 39. Nxc4 Rd5 40. Rb1 Rxf5 41. Nd6+ 1-0


[Site "https://www.chess.com"]

[Event "Titled Tuesday Blitz July 6 2021"]
[White "Rustemov, Alexander"]
[Black "Terry, Renato"]
[WhiteFideId "4119002"]
[BlackFideId "3803457"]
[WhiteElo "2854"]
[BlackElo "2581"]
[Result "1-0"]
[Round "05"]
[TimeControl "180+1"]
[Date "2021.07.06"]
[WhiteClock "0:00:55"]
[BlackClock "0:00:59"]

1. d4 e6 2. c4 Bb4+ 3. Bd2 Qe7 4. e4 Bxd2+ 5. Qxd2 d6 6. Nc3 Nf6 7. Bd3 e5 8. Nge2 O-O 9. O-O Nc6 10. d5 Nb8 11. b4 a5 12. a3 Na6 13. Rab1 Nh5 14. Qe3 g6 15. f3 axb4 16. axb4 f5 17. exf5 Bxf5 18. Bxf5 gxf5 19. f4 Rae8 20. fxe5 Qxe5 21. Qxe5 Rxe5 22. Nd4 Ng7 23. g3 Re3 24. Rf3 Rxf3 25. Nxf3 f4 26. g4 Re8 27. Kf2 Re3 28. Ne2 Re4 29. Nd2 Re7 30. Nxf4 1-0


[Site "https://www.chess.com"]

[Event "Titled Tuesday Blitz July 6 2021"]
[White "Salem, A.R. Saleh"]
[Black "Pakleza, Zbigniew"]
[WhiteFideId "9301348"]
[BlackFideId "1119290"]
[WhiteElo "2642"]
[BlackElo "2526"]
[Result "1-0"]
[Round "05"]
[TimeControl "180+1"]
[Date "2021.07.06"]
[WhiteClock "0:00:51"]
[BlackClock "0:00:01"]

1. d4 d6 2. e4 Nf6 3. f3 e5 4. d5 Be7 5. Be3 O-O 6. c4 Nbd7 7. Nc3 Nh5 8. Qd2 g6 9. Bd3 Nc5 10. Bc2 a5 11. Nge2 f5 12. exf5 Bxf5 13. Bxf5 gxf5 14. O-O-O Kh8 15. Kb1 b6 16. g4 Ng7 17. Ng3 Qd7 18. Bh6 fxg4 19. fxg4 Rf7 20. Rhg1 Raf8 21. Nf5 Nxf5 22. Bxf8 Nd4 23. Bxe7 Qxe7 24. Rgf1 a4 25. a3 Kg7 26. Ka2 h6 27. Qg2 Qg5 28. Rxf7+ Kxf7 29. Rf1+ Ke7 30. Qf2 Qg7 31. Qh4+ Kd7 32. Qh5 Kc8 33. Qe8+ Kb7 34. Rf8 b5 35. Qb8+ Ka6 36. cxb5+ Ka5 37. Qa7+ 1-0


[Site "https://www.chess.com"]

[Event "Titled Tuesday Blitz July 6 2021"]
[White "Samunenkov, Ihor"]
[Black "Shevtchenko, Olesya"]
[WhiteFideId "14187086"]
[BlackFideId "24131890"]
[WhiteElo "2281"]
[BlackElo "2003"]
[Result "1-0"]
[Round "05"]
[TimeControl "180+1"]
[Date "2021.07.06"]
[WhiteClock "0:00:04"]
[BlackClock "0:00:09"]

1. e4 c6 2. Nf3 d5 3. Nc3 Bg4 4. h3 Bxf3 5. Qxf3 d4 6. Ne2 e5 7. d3 Nd7 8. g3 Ngf6 9. h4 Bb4+ 10. c3 Bc5 11. Bh3 Qb6 12. O-O h6 13. b4 Bd6 14. a3 O-O-O 15. c4 c5 16. Bd2 Kb8 17. Rfb1 Qc7 18. b5 g5 19. hxg5 hxg5 20. Bxd7 Qxd7 21. Qxf6 Qh3 22. Qf3 Qh2+ 23. Kf1 Rdf8 24. Bxg5 f5 25. exf5 Qh3+ 26. Qg2 Qxf5 27. Bd2 Qxd3 28. Rd1 Qxc4 29. b6 axb6 30. Rab1 b5 31. Qe4 Rh2 32. Be1 Qe6 33. Rxb5 Rf7 34. Rdb1 Qh3+ 35. Kg1 Rh7 36. Rxb7+ Kc8 37. Qc6+ Bc7 38. Rb8# 1-0


[Site "https://www.chess.com"]

[Event "Titled Tuesday Blitz July 6 2021"]
[White "Sardana, Rishi"]
[Black "Tokman, Ariel"]
[WhiteFideId "25004301"]
[BlackFideId "117420"]
[WhiteElo "2340"]
[BlackElo "2345"]
[Result "1-0"]
[Round "05"]
[TimeControl "180+1"]
[Date "2021.07.06"]
[WhiteClock "0:00:04"]
[BlackClock "0:00:21"]

1. d4 d5 2. c4 c6 3. Nf3 Nf6 4. g3 g6 5. Bg2 Bg7 6. O-O O-O 7. a4 a5 8. cxd5 cxd5 9. Nc3 Nc6 10. Bf4 Nb4 11. Ne5 Bd7 12. Rc1 e6 13. Qd2 Qb6 14. Nxd7 Nxd7 15. Nb5 Rac8 16. Bc7 Qa6 17. Bd6 Rfd8 18. Be7 Re8 19. Bxb4 axb4 20. Qxb4 Bf8 21. Qb3 Qa5 22. e4 dxe4 23. Bxe4 Nb6 24. Bxb7 Rxc1 25. Rxc1 Qxa4 26. Qxa4 Nxa4 27. b3 Nb6 28. Bf3 Rd8 29. Kf1 Bg7 30. Rd1 Rb8 31. Nc3 Nc8 32. Ne2 Rxb3 33. Kg2 Ne7 34. d5 Nxd5 35. Bxd5 exd5 36. Rxd5 Rb8 37. h4 h5 38. Nf4 Bf6 39. Rd3 Kg7 40. Nd5 Rb5 41. Nf4 Rf5 42. Rd7 Rc5 43. Ne6+ 1-0


[Site "https://www.chess.com"]

[Event "Titled Tuesday Blitz July 6 2021"]
[White "Shahade, Gregory"]
[Black "Yi, Richard"]
[WhiteFideId "2009064"]
[BlackFideId "2079518"]
[WhiteElo "2735"]
[BlackElo "2528"]
[Result "1-0"]
[Round "05"]
[TimeControl "180+1"]
[Date "2021.07.06"]
[WhiteClock "0:00:21"]
[BlackClock "0:00:01"]

1. e4 e5 2. Nf3 Nc6 3. Bb5 Nf6 4. d3 Bc5 5. O-O Nd4 6. Nxd4 Bxd4 7. c3 Bb6 8. Ba4 O-O 9. Bg5 h6 10. Bh4 c6 11. Nd2 Qe7 12. Nc4 Bc7 13. Ne3 Qe6 14. Bb3 Qe7 15. Nf5 Qd8 16. Qf3 Kh7 17. d4 d5 18. dxe5 Bxe5 19. exd5 g5 20. Bg3 Bxg3 21. fxg3 Nxd5 22. Qh5 Qf6 23. Bc2 Qg6 24. Ne7 Nxe7 25. Bxg6+ fxg6 26. Rxf8 gxh5 27. Rf7+ Kg6 28. Rxe7 Bf5 29. Rxb7 Rd8 30. Rxa7 Rd2 31. Re7 Rxb2 32. a4 Kf6 33. Re3 Be6 34. Rf1+ Bf5 35. Ref3 1-0


[Site "https://www.chess.com"]

[Event "Titled Tuesday Blitz July 6 2021"]
[White "Shtyka, Sergey"]
[Black "Solon, Nathan"]
[WhiteFideId "4138465"]
[BlackFideId "2017229"]
[WhiteElo "2064"]
[BlackElo "2622"]
[Result "0-1"]
[Round "05"]
[TimeControl "180+1"]
[Date "2021.07.06"]
[WhiteClock "0:00:02"]
[BlackClock "0:00:34"]

1. e4 c5 2. Nf3 d6 3. d4 cxd4 4. Nxd4 Nf6 5. Nc3 a6 6. Bc4 e6 7. O-O b5 8. Bd3 Be7 9. a3 O-O 10. Be3 Bb7 11. f4 Nbd7 12. Qf3 Rc8 13. Rae1 Nc5 14. Bf2 Re8 15. Qh3 e5 16. fxe5 dxe5 17. Nf5 Bf8 18. Bh4 Qb6 19. Kh1 Nfd7 20. Nd5 Bxd5 21. exd5 g6 22. Ne3 Nxd3 23. cxd3 Nc5 24. Ng4 f5 25. Nf6+ Kg7 26. Nxe8+ Rxe8 27. d4 Ne4 28. dxe5 Rxe5 29. Rd1 Bd6 30. Be1 Kg8 31. Bc3 Re8 32. Qf3 Qc7 33. Rc1 Bxh2 34. Rfd1 Bf4 35. Rb1 Ng3+ 36. Kg1 Be3+ 37. Kh2 Nf1+ 38. Kh3 Qh2# 0-1


[Site "https://www.chess.com"]

[Event "Titled Tuesday Blitz July 6 2021"]
[White "Siddharth, Jagadeesh"]
[Black "Meyer, Lars A."]
[WhiteFideId "5818320"]
[BlackFideId "1401947"]
[WhiteElo "2127"]
[BlackElo "2297"]
[Result "1-0"]
[Round "05"]
[TimeControl "180+1"]
[Date "2021.07.06"]
[WhiteClock "0:01:05"]
[BlackClock "0:00:01"]

1. d4 Nf6 2. c4 e6 3. Nf3 d5 4. g3 Be7 5. Bg2 O-O 6. O-O dxc4 7. a4 c5 8. dxc5 Qxd1 9. Rxd1 Bxc5 10. Nfd2 Nc6 11. Nxc4 Bd7 12. Nc3 Rfd8 13. Bg5 h6 14. Bxf6 gxf6 15. Ne4 Be7 16. Ncd6 Rab8 17. Nc5 Bxd6 18. Rxd6 Be8 19. Rad1 Rdc8 20. Ne4 Kg7 21. R6d2 Ne5 22. Nd6 Bxa4 23. Ra1 Bc6 24. Nxc8 Rxc8 25. Rxa7 Nc4 26. Rc2 Bxg2 27. b3 Bd5 28. bxc4 b5 29. c5 Bc4 30. Rd2 Rxc5 31. Rb7 e5 32. f3 Be6 33. Kf2 f5 34. Rd6 Kf6 35. Rdb6 f4 36. gxf4 exf4 37. Rxb5 Rc2 38. Rb2 Rc1 39. R7b4 Kg5 40. Rb5+ Kh4 41. R2b4 1-0


[Site "https://www.chess.com"]

[Event "Titled Tuesday Blitz July 6 2021"]
[White "Siva Mahadevan"]
[Black "Grischuk, Alexander"]
[WhiteFideId "25043153"]
[BlackFideId "4126025"]
[WhiteElo "2203"]
[BlackElo "2765"]
[Result "0-1"]
[Round "05"]
[TimeControl "180+1"]
[Date "2021.07.06"]
[WhiteClock "0:00:31"]
[BlackClock "0:01:22"]

1. e4 c5 2. Nf3 d6 3. d4 cxd4 4. Nxd4 Nf6 5. Nc3 Nc6 6. Bg5 Bd7 7. Qd2 a6 8. O-O-O e6 9. f3 Nxd4 10. Qxd4 Be7 11. Kb1 b5 12. h4 h6 13. Be3 h5 14. Bg5 Qc7 15. Bd3 Qa7 16. Qe3 Qxe3 17. Bxe3 O-O 18. Rhg1 Bc6 19. Bg5 Rfd8 20. Ne2 Kf8 21. Nd4 Bb7 22. Nb3 Rac8 23. Na5 Ba8 24. c4 bxc4 25. Bxc4 Rc5 26. b4 Rb8 27. Nb3 Rxc4 0-1


[Site "https://www.chess.com"]

[Event "Titled Tuesday Blitz July 6 2021"]
[White "Sokolin, Leonid"]
[Black "Mirzoev, Azer"]
[WhiteFideId "2009161"]
[BlackFideId "13400304"]
[WhiteElo "2394"]
[BlackElo "2525"]
[Result "0-1"]
[Round "05"]
[TimeControl "180+1"]
[Date "2021.07.06"]
[WhiteClock "0:00:02"]
[BlackClock "0:00:34"]

1. d4 c6 2. e4 d5 3. exd5 cxd5 4. Bd3 Nf6 5. c3 Nc6 6. Bf4 Bg4 7. Qb3 Qc8 8. Nd2 e6 9. Ngf3 Bh5 10. Ne5 Nxe5 11. Bxe5 Bg6 12. Bb5+ Nd7 13. c4 a6 14. Ba4 dxc4 15. Bxd7+ Qxd7 16. Nxc4 Qb5 17. O-O f6 18. Nb6 Qxb3 19. axb3 Rd8 20. Bc7 Rxd4 21. Rfd1 e5 22. f4 Bc5 23. Kh1 exf4 24. Rxd4 Bxd4 25. Re1+ Kf7 26. Nc4 Bc5 27. Bd6 Be3 28. Nxe3 fxe3 29. Rxe3 Rd8 30. Re7+ Kg8 31. Bb4 Rd1+ 32. Re1 Rd3 33. Bc3 Kf7 34. b4 Rd7 35. Kg1 Bc2 36. Kf2 Ba4 37. Re4 Bc6 38. Rd4 Re7 39. Rd6 h5 40. h4 Kg6 41. Rd3 Re4 42. g3 Re6 43. Re3 Rd6 44. Re7 Rd1 45. Ke2 Rg1 46. Re3 Rg2+ 47. Kd3 Kf5 48. Kc4 Kg4 49. Re7 g6 50. Bxf6 Rxg3 51. Re5 Kh3 52. Bg5 Rg4+ 53. Kc5 Rxh4 54. Bxh4 Kxh4 55. Re7 g5 56. Kd4 g4 57. Ke3 Kg3 0-1


[Site "https://www.chess.com"]

[Event "Titled Tuesday Blitz July 6 2021"]
[White "Sokolovsky, Yahli"]
[Black "Tristan, Leonardo"]
[WhiteFideId "2820242"]
[BlackFideId "113816"]
[WhiteElo "1770"]
[BlackElo "2404"]
[Result "0-1"]
[Round "05"]
[TimeControl "180+1"]
[Date "2021.07.06"]
[WhiteClock "0:00:06"]
[BlackClock "0:00:19"]

1. b3 d5 2. Bb2 Bf5 3. e3 e6 4. f4 c5 5. Nf3 Nc6 6. Bb5 Qc7 7. O-O f6 8. Nh4 Bg6 9. Nxg6 hxg6 10. Qg4 Kf7 11. d3 Bd6 12. Bxc6 Qxc6 13. Nd2 Ne7 14. Nf3 b5 15. Rae1 Qb6 16. Kh1 c4 17. e4 dxe4 18. dxe4 Bb4 19. Re2 Rad8 20. e5 c3 21. exf6 gxf6 22. Bc1 Nf5 23. h4 Bc5 24. Qh3 Qc6 25. Kh2 Rh7 26. g3 b4 27. Qg2 Rd6 28. Rfe1 Qd7 29. Qh3 Rd1 30. g4 Rxe1 31. Rxe1 Nd4 32. Nxd4 Qxd4 33. Qg3 Qf2+ 34. Qxf2 Bxf2 35. Re2 Bxh4 36. Kg2 Rh8 37. Re4 a5 38. Be3 Rd8 39. Bb6 Rd2+ 40. Kh3 Bf2 41. Bxa5 Rxc2 42. Bxb4 Rc1 43. Kg2 Be1 44. Re2 Bd2 45. Kf2 Ra1 46. Kf3 Rxa2 47. Ke4 Rb2 48. Kd3 Rxb3 49. Kc4 Rxb4+ 50. Kxb4 c2+ 51. Rxd2 c1=Q 52. Rd7+ Ke8 53. Rd3 Qxf4+ 54. Kc3 Qxg4 0-1


[Site "https://www.chess.com"]

[Event "Titled Tuesday Blitz July 6 2021"]
[White "Steven_Rojas"]
[Black "Sonis, Francesco"]
[BlackFideId "895733"]
[WhiteElo "2541"]
[BlackElo "2373"]
[Result "1/2-1/2"]
[Round "05"]
[TimeControl "180+1"]
[Date "2021.07.06"]
[WhiteClock "0:00:06"]
[BlackClock "0:00:03"]

1. e4 Nc6 2. d4 d5 3. exd5 Qxd5 4. Be3 e5 5. Nc3 Bb4 6. dxe5 Qxe5 7. Nf3 Bxc3+ 8. bxc3 Qxc3+ 9. Bd2 Qf6 10. Be2 Nge7 11. O-O O-O 12. Rb1 h6 13. h3 b6 14. Rb3 Be6 15. Re3 Nd5 16. Ra3 Rfd8 17. Qc1 a5 18. Bb5 Na7 19. Ba6 Nb4 20. Bb7 Rab8 21. Bxb4 Rxb7 22. Bc3 Qe7 23. Bb2 c5 24. Re3 Nc6 25. Rfe1 Rbd7 26. Ne5 Nxe5 27. Rxe5 Qh4 28. R5e4 Qh5 29. Qe3 Rd1 30. Kh2 Rxe1 31. Qxe1 Qg6 32. Qc3 Kh7 33. Re3 Rd5 34. Rg3 Rg5 35. a3 Bd5 36. f4 Rxg3 37. Qxg3 b5 38. a4 b4 39. Qxg6+ Kxg6 40. g4 Bc6 41. f5+ Kh7 42. Be5 Bxa4 43. Bc7 Bxc2 44. Bxa5 Kg8 45. Kg3 Kf8 46. Bb6 b3 47. Bxc5+ Ke8 48. Bd4 f6 49. Bb2 Kd7 50. Kf4 Kc6 51. Ke3 Kd5 52. Ba3 Bd1 53. Bb2 Kc4 54. Ke4 Be2 55. Ke3 Bf1 56. h4 Bh3 57. Kf4 Kd3 58. g5 hxg5+ 59. hxg5 Kc2 60. gxf6 gxf6 61. Bxf6 Bxf5 62. Kxf5 b2 63. Bxb2 1/2-1/2


[Site "https://www.chess.com"]

[Event "Titled Tuesday Blitz July 6 2021"]
[White "Svane, Frederik"]
[Black "Principe, Gerson"]
[WhiteFideId "12923044"]
[BlackFideId "3804550"]
[WhiteElo "2459"]
[BlackElo "2280"]
[Result "1-0"]
[Round "05"]
[TimeControl "180+1"]
[Date "2021.07.06"]
[WhiteClock "0:00:09"]
[BlackClock "0:00:09"]

1. e4 c5 2. Nf3 e6 3. d4 cxd4 4. Nxd4 Nf6 5. Nc3 Nc6 6. a3 Bc5 7. Nb3 Be7 8. Be2 d5 9. exd5 exd5 10. Be3 O-O 11. O-O Be6 12. Bf3 Ne5 13. Nd4 Nc4 14. Bc1 Qd7 15. Re1 Rfe8 16. b3 Nd6 17. Bf4 Rac8 18. Qd3 a6 19. Be5 Nf5 20. Nxe6 fxe6 21. Ne2 Rcd8 22. Nd4 Nxd4 23. Qxd4 Rc8 24. c4 Bc5 25. Qh4 Qf7 26. Bxf6 Qxf6 27. Qxf6 gxf6 28. cxd5 exd5 29. Bxd5+ Kg7 30. b4 Bd4 31. Rad1 Rxe1+ 32. Rxe1 Rc7 33. g3 Bb2 34. Re3 Bd4 35. Rd3 Bb6 36. Kg2 Rc2 37. Rf3 Rc7 38. h4 Bd4 39. Rd3 Bb6 40. Be4 a5 41. Kf3 axb4 42. axb4 Re7 43. Rd5 Rc7 44. Rb5 Bd4 45. Rxb7 Rxb7 46. Bxb7 Kf7 47. b5 Bb6 48. Bc6 h6 49. Ke2 Ke6 50. f3 Bc7 51. f4 Kf5 52. Kf3 Ke6 53. Ke4 Bb6 54. g4 f5+ 55. gxf5+ Kf6 56. Bd7 Bc7 57. Be6 Bb6 58. Kd5 Bc7 59. Kc6 Bxf4 60. b6 Ke7 61. b7 Kd8 62. f6 Be5 63. f7 Ke7 64. Bc4 Kf8 65. Kd7 h5 66. Kc8 Bf4 67. b8=Q Bxb8 68. Kxb8 Ke7 69. Kc7 Kf8 70. Kd8 Kg7 71. Ke7 1-0


[Site "https://www.chess.com"]

[Event "Titled Tuesday Blitz July 6 2021"]
[White "Svidler, Peter"]
[Black "Coto Mederos, Michel"]
[WhiteFideId "4102142"]
[BlackFideId "3508528"]
[WhiteElo "2743"]
[BlackElo "2427"]
[Result "1-0"]
[Round "05"]
[TimeControl "180+1"]
[Date "2021.07.06"]
[WhiteClock "0:01:00"]
[BlackClock "0:00:05"]

1. c4 e6 2. g3 d5 3. Bg2 Nf6 4. Nf3 c5 5. O-O Nc6 6. cxd5 exd5 7. d4 Be7 8. Nc3 O-O 9. Bg5 cxd4 10. Nxd4 h6 11. Be3 Be6 12. Rc1 Qd7 13. Nxc6 bxc6 14. Na4 Bh3 15. Bc5 Bxg2 16. Kxg2 Rfe8 17. f3 Rab8 18. b3 Qe6 19. Bxa7 Ra8 20. Bd4 c5 21. Bxc5 Bxc5 22. Rxc5 Qxe2+ 23. Qxe2 Rxe2+ 24. Rf2 Re1 25. Rd2 Rae8 26. Nc3 Rc1 27. b4 Ree1 28. Nxd5 Rg1+ 29. Kh3 Nxd5 30. Rxc1 Rxc1 31. Rxd5 Rb1 32. b5 Kh7 33. a4 Ra1 34. Rd4 g5 35. Rb4 Ra2 36. g4 Kg6 37. b6 1-0


[Site "https://www.chess.com"]

[Event "Titled Tuesday Blitz July 6 2021"]
[White "Sychev, Klementy"]
[Black "Orozbaev, Eldiar"]
[WhiteFideId "4114060"]
[BlackFideId "13802240"]
[WhiteElo "2615"]
[BlackElo "1911"]
[Result "0-1"]
[Round "05"]
[TimeControl "180+1"]
[Date "2021.07.06"]
[WhiteClock "0:00:01"]
[BlackClock "0:00:15"]

1. e4 e6 2. d4 d5 3. Nc3 Nf6 4. e5 Nfd7 5. f4 c5 6. Nf3 Nc6 7. Be3 Qb6 8. Na4 Qa5+ 9. c3 cxd4 10. b4 Nxb4 11. cxb4 Bxb4+ 12. Bd2 Bxd2+ 13. Nxd2 b6 14. Qb3 Ba6 15. Bxa6 Qxa6 16. Qb4 Qd3 17. Qb3 Qa6 18. Qb4 Qd3 19. Rf1 a5 20. Qb3 Qa6 21. Rb1 O-O 22. Qb5 Qa7 23. Nf3 Rfc8 24. Kd2 Rc4 25. Rfc1 Rac8 26. Rxc4 dxc4 27. Nxd4 Qc7 28. Kc3 Qb7 29. Nxb6 Nxb6 30. Qxb6 Qxg2 31. Qb7 Qh3+ 32. Nf3 Rd8 33. Rd1 Rf8 34. Rd7 Qf1 35. Qe4 Qc1+ 36. Kd4 Qd1+ 37. Ke3 Qxd7 38. Qxc4 Rc8 39. Qb3 a4 40. Qb4 h6 41. h4 Qd1 42. h5 Qc1+ 0-1


[Site "https://www.chess.com"]

[Event "Titled Tuesday Blitz July 6 2021"]
[White "Sztokbant, Bernardo Vainzoff"]
[Black "Vakhlamov, Igor L."]
[WhiteFideId "2115956"]
[BlackFideId "24126748"]
[WhiteElo "2264"]
[BlackElo "2416"]
[Result "0-1"]
[Round "05"]
[TimeControl "180+1"]
[Date "2021.07.06"]
[WhiteClock "0:02:28"]
[BlackClock "0:02:25"]

1. d4 d5 2. c4 c6 3. Nf3 Nf6 4. cxd5 cxd5 5. Nc3 Nc6 6. Bf4 a6 7. e3 Bg4 8. Be2 e6 9. O-O Bd6 10. Bxd6 Qxd6 11. h3 Bxf3 12. Bxf3 O-O 13. Rc1 Rfc8 14. Qd2 Rc7 15. Na4 Rac8 16. Nc5 Nd7 17. Nd3 g6 18. Rc3 Nb6 19. b3 Nxd4 20. Rxc7 Nxf3+ 21. gxf3 Rxc7 22. Rc1 Nd7 23. Rc3 Ne5 24. Nxe5 Qxe5 25. Rxc7 Qxc7 26. f4 h5 27. Qd4 Qc1+ 28. Kg2 Qc2 29. Qb6 Qc6 30. Qd8+ Kg7 31. Qb8 d4+ 32. Kf1 d3 33. Qe5+ f6 34. Qd4 Qh1# 0-1


[Site "https://www.chess.com"]

[Event "Titled Tuesday Blitz July 6 2021"]
[White "Tanenbaum, Zachary"]
[Black "Gallegos Diaz, Carlos Alberto"]
[WhiteFideId "2060850"]
[BlackFideId "3900886"]
[WhiteElo "2165"]
[BlackElo "2362"]
[Result "1/2-1/2"]
[Round "05"]
[TimeControl "180+1"]
[Date "2021.07.06"]
[WhiteClock "0:00:08"]
[BlackClock "0:00:06"]

1. e4 d6 2. d4 Nf6 3. Nc3 c6 4. Nf3 Qa5 5. Bd3 e5 6. O-O Be7 7. Re1 O-O 8. Ne2 Re8 9. Bd2 Qc7 10. Bc3 Nbd7 11. Ng3 Bf8 12. Nf5 h6 13. a4 b6 14. a5 b5 15. a6 exd4 16. Bxd4 Ne5 17. Ng3 Rb8 18. h3 c5 19. Bxe5 dxe5 20. Nh4 g6 21. Qf3 Bg7 22. c4 b4 23. Bc2 Re6 24. Nf1 Rxa6 25. Rad1 Be6 26. Bb3 Rd6 27. Ne3 Rd4 28. Nc2 Rxd1 29. Rxd1 Rd8 30. Rxd8+ Qxd8 31. Qe2 a5 32. g4 Nxg4 33. Nxg6 fxg6 34. hxg4 Qh4 35. Ne3 Bf6 36. Qd3 Be7 37. Bd1 Qf6 38. Nd5 Qf8 39. Kg2 Bg5 40. Nc7 Bf7 41. Qd7 Qd8 42. Ba4 Qxd7 43. Bxd7 Kf8 44. Nd5 Kg7 45. b3 Bd8 46. Kf3 Bxd5 47. exd5 Kf6 48. Ke4 Bc7 49. Bc6 Bd6 50. Bd7 Kg5 51. f3 h5 52. gxh5 gxh5 53. Ke3 Kh4 54. Kf2 e4 55. fxe4 Kg5 56. Kf3 h4 57. e5 Bxe5 58. Ke4 Bd6 59. Kf3 Be5 60. Ke4 Bd6 61. Kf3 Be5 1/2-1/2


[Site "https://www.chess.com"]

[Event "Titled Tuesday Blitz July 6 2021"]
[White "TanitoluwaAps116"]
[Black "Leiva, Gianmarco"]
[BlackFideId "3804399"]
[WhiteElo "2383"]
[BlackElo "2365"]
[Result "0-1"]
[Round "05"]
[TimeControl "180+1"]
[Date "2021.07.06"]
[WhiteClock "0:00:20"]
[BlackClock "0:00:35"]

1. d4 Nf6 2. Bf4 d5 3. Nf3 e6 4. e3 Be7 5. Nbd2 O-O 6. Bd3 b6 7. c3 Ba6 8. Bxa6 Nxa6 9. O-O Qc8 10. Re1 Qb7 11. e4 Nxe4 12. Nxe4 dxe4 13. Nd2 c5 14. Nxe4 cxd4 15. Qxd4 Rfd8 16. Qe3 Nc5 17. Nxc5 Bxc5 18. Qg3 Qd5 19. h3 Qd3 20. Qg4 Qc2 21. Be5 Qxf2+ 22. Kh1 Bf8 23. Rf1 Qxb2 24. Qf3 f6 25. Bxf6 gxf6 26. Qxf6 Bg7 27. Qxe6+ Kh8 28. Rad1 Qxc3 29. Rd7 Rxd7 30. Qxd7 a5 31. Qg4 Re8 32. Kh2 Qd4 33. Qh5 Qe5+ 34. Qxe5 Bxe5+ 35. g3 Bd4 36. Re1 Rxe1 0-1


[Site "https://www.chess.com"]

[Event "Titled Tuesday Blitz July 6 2021"]
[White "Timmermans, Mark"]
[Black "Ortiz Verdezoto, Anahi"]
[WhiteFideId "1026399"]
[BlackFideId "3614581"]
[WhiteElo "2460"]
[BlackElo "1755"]
[Result "1-0"]
[Round "05"]
[TimeControl "180+1"]
[Date "2021.07.06"]
[WhiteClock "0:00:19"]
[BlackClock "0:00:17"]

1. b4 Nf6 2. Bb2 d6 3. b5 e5 4. a4 b6 5. c4 Bb7 6. e3 Be7 7. Nf3 O-O 8. Be2 Nbd7 9. O-O a6 10. Nc3 axb5 11. axb5 c6 12. d4 cxb5 13. cxb5 e4 14. Nd2 Re8 15. Qb3 Bf8 16. Rxa8 Qxa8 17. Ra1 Qb8 18. Bc4 Re7 19. Nd5 Nxd5 20. Bxd5 Nf6 21. Bxb7 Qxb7 22. Nc4 Rc7 23. h3 d5 24. Ne5 h6 25. Nc6 Qc8 26. Rc1 g5 27. Ba3 Kg7 28. Bb4 h5 29. Ra1 g4 30. h4 g3 31. fxg3 Qg4 32. Bxf8+ Kxf8 33. Qb4+ Kg7 34. Qd6 Rd7 35. Qf4 Qxf4 36. gxf4 Ng4 37. Ra3 Rc7 38. Kf1 Kf6 39. Ke2 Kf5 40. Ra6 Rb7 41. Ra8 Nf6 42. Rf8 Kg4 43. Nd8 Rc7 44. Rxf7 Rxf7 45. Nxf7 Kxh4 46. Ne5 Kg3 47. Kf1 h4 48. Kg1 Ne8 49. Nd7 Nd6 50. Nxb6 Nxb5 51. Nxd5 Nd6 52. Nf6 h3 53. gxh3 Kf3 54. Ng4 Nf5 55. d5 Kg3 56. Kf1 Kxh3 57. Nf2+ Kg3 58. Ke2 Nd6 59. f5 Nxf5 60. Nxe4+ Kg4 61. Nc3 Ng3+ 62. Kd3 Kf5 63. Kd4 Nh5 64. e4+ Kf6 65. e5+ Ke7 66. Ne4 Nf4 67. d6+ Kd7 68. Nc5+ Kc6 69. Ke4 Ng6 70. d7 1-0


[Site "https://www.chess.com"]